 Dungeon Crawl Stone Soup version 0.31-a0-198-g2ad674f65e (webtiles) character file.

Game seed: 16996910064133463321

1424 Dylgear the Chopper (level 9, -5/68 HPs)
             Began as a Formicid Fighter on June 25, 2023.
             Was a Follower of Wu Jian.
             Slain by an orc warrior
             ... wielding a +0 halberd
              (15 damage)
             ... on level 6 of the Dungeon.
             The game lasted 00:16:39 (5366 turns).

Dylgear the Chopper (Formicid Fighter)              Turns: 5366, Time: 00:16:39

Health: -5/68      AC: 10    Str: 23    XL:     9   Next: 2%
Magic:  9/9        EV: 10    Int:  8    God:    Wu Jian [*.....]
Gold:   261        SH:  5    Dex: 15    Spells: 8/8 levels left

rFire   + . .        a - +1 war axe
rCold   . . .        c - +0 buckler
rNeg    + . .        o - +1 scale mail {rF+}
rPois   .            (helmet unavailable)
rElec   .            g - +1 cloak
rCorr   .            (no gloves)
SInv    +            (no boots)
Will    .....        (no amulet) Stlth
                     h - ring of positive energy
HPRegen 0.31/turn    (no ring)
MPRegen 0.11/turn

%: no passive effects
@: no status effects
A: permanent stasis, dig shafts and tunnels, antennae 3, four strong arms
a: Dig, Shaft Self, Renounce Religion


You were on level 6 of the Dungeon.
You worshipped Wu Jian.
Wu Jian was aware of your devotion.
You visited 2 branches of the dungeon, and saw 7 of its levels.

You collected 305 gold pieces.
You spent 44 gold pieces at shops.

Inventory:

Hand Weapons
 a - a +1 war axe (weapon)
 i - a +0 whip of electrocution
 p - a +0 flail
Missiles
 j - a throwing net
 q - 3 boomerangs
Armour
 c - a +0 buckler (worn)
 g - a +1 cloak (worn)
 o - a +1 scale mail of fire resistance (worn)
Jewellery
 h - a ring of positive energy (left hand)
 n - a ring of ice
Wands
 b - a wand of charming (7)
Scrolls
 e - 5 scrolls of identify
 f - a scroll of fear
 l - 3 scrolls of enchant weapon
 m - a scroll of enchant armour
Potions
 d - a potion of curing
 k - a potion of ambrosia


   Skills:
 + Level 5.4 Fighting
 * Level 7.5 Axes
 * Level 6.1 Armour
 + Level 1.7 Dodging
 + Level 1.4 Stealth
 * Level 5.9 Shields


You had 8 spell levels left.
You didn't know any spells.
Your spell library was empty.

Dungeon Overview and Level Annotations

Branches:
Dungeon (6/15)             Temple (1/1) D:4

Altars:
Ashenzari
Elyvilon
Fedhas
Makhleb
Okawaru
Qazlal
Trog
Vehumet
Wu Jian
Yredelemnul

Shops:
D:1 !   D:2 ?

Annotations:
D:6 2 transporters, cforsyth's ghost, novice OgFE
Temple Grinder


Innate Abilities, Weirdness & Mutations

You cannot be hasted, slowed, berserked, paralysed or teleported.
You can dig through walls and to a lower floor.
You have a pair of large antennae on your head. (SInv)
Your four strong arms can wield two-handed weapons with a shield.


Message History

You are too injured to fight recklessly!
Unknown command.
You are too injured to fight recklessly!
You are too injured to fight recklessly!
You are too injured to fight recklessly!
Unknown command.
You hit the orc warrior but do no damage.
The orc warrior hits you with a +0 halberd!
* * * LOW HITPOINT WARNING * * *
You hit the orc warrior.
The orc warrior is lightly wounded.
The orc warrior barely misses you.
You slash the orc warrior!
The orc warrior is severely wounded.
The orc warrior hits you but does no damage.
You closely miss the orc warrior.
The orc warrior is severely wounded.
The orc warrior hits you with a +0 halberd.
* * * LOW HITPOINT WARNING * * *
You hit the orc warrior.
The orc warrior is almost dead.
The orc warrior hits you with a +0 halberd!
* * * LOW HITPOINT WARNING * * *
The orc warrior barely misses you.
Okay, then.
You completely miss the orc warrior.
The orc warrior is almost dead.
The orc warrior hits you with a +0 halberd.
* * * LOW HITPOINT WARNING * * *
You hit the orc warrior but do no damage.
The orc warrior is almost dead.
The orc warrior closely misses you.
You hit the orc warrior.
The orc warrior is almost dead.
The orc warrior hits you but does no damage.
You barely miss the orc warrior.
The orc warrior is almost dead.
Cforsyth's ghost shrieks, "What do you have that I didn't have?"
The orc warrior hits you with a +0 halberd!
You die...

#..........
../..#########........#
....##©......##.......#
....#8..#.#..8#.......#.
....#.$#...#..#.........
....#$........#.........
...©#$...©....#©........
##..#$.......g#.........
.#..#..#...#SW#.@......?
...?#8.!#.#.Y8#†)o...##.
.#..##......5##.....###
.#...#########.........
...................#....
................##.#....
.....#.....###.## ......
.....#.....###.#. ......
................. ......


You could see a yak, an orc warrior, a gnoll sergeant, cforsyth's ghost, an
adder and a white imp.

Vanquished Creatures
  A black bear (D:4)
  An ice beast (D:5)
  3 ogres
  Blork the orc (D:4)
  2 bullfrogs (D:6)
  A scorpion (D:4)
  2 quasits (D:6)
  4 hounds
  2 orc priests (D:3)
  2 iguanas
  A sleepcap (D:6)
  3 orc wizards
  7 gnolls
  7 adders
  2 shadow imps (D:6)
  4 white imps
  4 worms
  2 dart slugs
  34 orcs
  8 endoplasms
  2 giant cockroaches
  6 hobgoblins
  7 jackals
  10 kobolds
  2 quokkas
  6 ball pythons
  5 bats (D:2)
  7 frilled lizards
  8 goblins
  11 rats
  A spectral hobgoblin (D:2)
156 creatures vanquished.

Notes
Turn   | Place    | Note
-------+----------+-------------------------------------------
     0 | D:1      | Dylgear the Formicid Fighter began the quest for the Orb.
     0 | D:1      | Reached XP level 1. HP: 18/18 MP: 1/1
   164 | D:1      | Reached XP level 2. HP: 24/24 MP: 2/2
   475 | D:1      | Reached XP level 3. HP: 29/29 MP: 3/3
   590 | D:1      | Found Jezist's Distillery.
   865 | D:2      | Found a radiant altar of Vehumet.
   881 | D:2      | Found Sefaupsuaxt's Magic Scroll Boutique.
   890 | D:2      | Bought a scroll of identify for 22 gold pieces
   890 | D:2      | Bought a scroll of identify for 22 gold pieces
   935 | D:2      | Reached XP level 4. HP: 37/37 MP: 4/4
   938 | D:2      | Found a faded altar of an unknown god.
  1482 | D:3      | Found a bloodstained altar of Trog.
  1487 | D:3      | Reached skill level 3 in Axes
  1508 | D:3      | Identified the +3 dagger "Eviscerator" {freeze, SInv}
  1531 | D:3      | Reached XP level 5. HP: 36/42 MP: 5/5
  2194 | D:2      | Reached XP level 6. HP: 39/48 MP: 6/6
  2254 | D:3      | Reached skill level 4 in Axes
  2341 | D:3      | Found an iron altar of Okawaru.
  2501 | D:3      | Found a basalt altar of Yredelemnul.
  2694 | D:4      | Noticed an ogre
  2698 | D:4      | Killed an ogre
  2953 | D:4      | Found a staircase to the Ecumenical Temple.
  2955 | D:4      | Noticed Grinder
  2963 | D:4      | Found a stormy altar of Qazlal.
  2971 | D:4      | Reached XP level 7. HP: 42/55 MP: 7/7
  2989 | Temple   | Entered the Ecumenical Temple
  3200 | D:4      | Found a blossoming altar of Fedhas.
  3247 | D:4      | Reached skill level 5 in Shields
  3249 | D:4      | Reached skill level 5 in Axes
  3249 | D:4      | Reached skill level 1 in Dodging
  3381 | D:4      | Found an ornate altar of the Wu Jian Council.
  3475 | D:4      | Became a worshipper of the Wu Jian Council
  3519 | D:4      | Noticed Blork the orc
  3537 | D:4      | Killed Blork the orc
  3538 | D:4      | Reached skill level 5 in Armour
  3722 | D:5      | Entered Level 5 of the Dungeon
  4008 | D:4      | Reached skill level 5 in Fighting
  4095 | D:5      | Reached XP level 8. HP: 59/62 MP: 8/8
  4133 | D:5      | Reached skill level 6 in Axes
  4936 | D:6      | Reached skill level 7 in Axes
  5064 | D:6      | Reached skill level 1 in Stealth
  5092 | D:5      | Reached * piety under Wu Jian
  5298 | D:6      | Found a white marble altar of Elyvilon.
  5314 | D:6      | Noticed a yak
  5315 | D:6      | Noticed cforsyth's ghost (novice OgFE)
  5325 | D:6      | Reached XP level 9. HP: 46/68 MP: 9/9
  5328 | D:6      | Found a transporter.
  5340 | D:6      | Found a transporter.
  5366 | D:6      | Slain by an orc warrior

Illustrated notes

Levels and vault maps discovered:
D:1:      amcnicky_arrival_single_pillar, layout_loops_cross, serial_shops,
          nicolae_shop_industrial_runoff
D:2:      layout_rooms, dreamdust_ecumenical_altar_drowned_temple, serial_shops,
          nicolae_shop_real_fake_doors, basic_altar, grunt_ministairs_9,
          minmay_pentomino_r2
D:3:      layout_loops_ring, mainiacjoe_overflow_alcove_2, bloody_trog,
          okawaru_metal_pillars_1_2, kennysheep_potato
D:4:      layout_basic, nicolae_wu_jian_wuxing_cycle,
          grunt_temple_overflow_forces_of_nature,
          minmay_temple_entry_large_hall, uniq_blork_the_orc, uniq_grinder
D:5:      layout_cave_pools
D:6:      layout_cave_pools, nicolae_elyvilon_temple_path,
          gammafunk_ghost_arena, serial_demonic, serial_demonic_g,
          serial_demonic_e, serial_demonic_d, serial_demonic_d,
          serial_demonic_d, serial_demonic_c, serial_demonic_a,
          kennysheep_generic_room_12, uniq_crazy_yiuf_cottage, uniq_pikel
Temple:   hellmonk_temple_of_storms

Skill      XL: |  1  2  3  4  5  6  7  8 |
---------------+-------------------------+-----
Armour         | 4 5 6 |  6.1
Fighting       | 4 5 |  5.4
Axes           | 3 4 5 7 |  7.5
Shields        | 5 |  5.9
Dodging        | 1 |  1.7
Stealth        | 1 |  1.4

Action                     |  1- 3 |  4- 6 |  7- 9 || total
---------------------------+-------+-------+-------++-------
  Melee: War axe           |    69 |   156 |   203 ||   428
Ability: Dig               |     1 |     1 |       ||     2
         Lunge             |       |       |     8 ||     8
    Use: Scroll            |     2 |     5 |     2 ||     9
         Potion            |       |     4 |     1 ||     5
 Armour: Scale mail        |    28 |    88 |   127 ||   243
  Dodge: Dodged            |    31 |    67 |   121 ||   219
  Block: Buckler           |    12 |    52 |    57 ||   121

Table legend: (Time is in decaauts)
 A = Elapsed time spent in this place.
 B = Non-inter-level travel time spent in this place.
 C = Inter-level travel time spent in this place.
 D = Time resting spent in this place.
 E = Time spent auto-exploring this place.
 F = Levels seen in this place.
 G = Mean time per level.
                   A        B        C        D        E       F      G
               +--------+--------+--------+--------+--------+-----+--------+
         Total |   5513 |   5181 |    332 |   1374 |   2197 |   7 |  787.6 |
       Dungeon |   5498 |   5166 |    332 |   1374 |   2197 |   6 |  916.3 |
        Temple |     15 |     15 |      0 |      0 |      0 |   1 |   15.0 |
               +--------+--------+--------+--------+--------+-----+--------+

Top non-repeatable levels by time:
     D:4: 1171 daAuts
     D:3: 1026 daAuts
     D:2: 1012 daAuts
     D:1: 970 daAuts
     D:5: 925 daAuts
     D:6: 391 daAuts
  Temple: 15 daAuts
